AoeStats
← old f1sh

Black Forest

509612940Analyzed
4v4 RM · 4d ago on Sep 27, 2026· 36m 16s· 8 players
Game mode
Random Map
Map size
Large (8 player)
Population
200
Speed
Normal
Resources
Standard
Victory
Conquest
Starting age
Dark Age
Ending age
Imperial Age
RankedLock teamsTeams togetherTeam positionsShared explorationLock speedFull tech treeHidden civsTurbo modeCheats
Victory
Defeat
🇨🇳 Burgundians · China
1500
+15
🇨🇳 Khmer · China
1464
+16
🇨🇳 Poles · China
1436
+18
🇨🇳 Varangians · China
1417
+18
🇯🇵 Mongols · Japan
1524
-18
🇹🇼 Turks · Taiwan
1498
-18
🇪🇸 Persians · Spain
1446
-16
🇦🇷 Khmer · Argentina
1426
-15
D哥
10:03 Feudal Age
12:45 Castle Age
10:59 Double-Bit Axe
11:59 Horse Collar
19:09 Bow Saw
21:50 Wheelbarrow
21:51 Stone Mining
22:34 Gold Mining
27:13 Imperial Age
25:45 Hand Cart
25:22 Loom
25:22 Town Watch
25:39 Heavy Plow
26:21 Stone Shaft Mining
26:58 Gold Shaft Mining
28:15 Conscription
29:15 Crop Rotation
29:25 Double Crossbow
32:13 Ballistics
33:12 Chemistry
33:09 Siege Engineers
33:53 Husbandry
34:03 Bloodlines
34:12 Elite Ballista Elephant
old f1sh
3:37 Double-Bit Axe
10:55 Feudal Age
14:30 Castle Age
12:41 Bow Saw
12:46 Horse Collar
17:00 Wheelbarrow
20:34 Heavy Plow
22:16 Gold Mining
23:03 Hand Cart
24:01 Guilds
24:28 Gold Shaft Mining
27:14 Imperial Age
25:14 Padded Archer Armor
26:18 Leather Archer Armor
29:12 Chemistry
29:30 Scale Mail Armor
29:40 Forging
32:03 Squires
32:18 Chain Mail Armor
32:39 Iron Casting
33:52 Plate Mail Armor
35:29 Blast Furnace
34:05 Pikeman
35:57 Arson
36:21 Loom
卫星点灯
2:24 Loom
13:44 Feudal Age
14:05 Horse Collar
14:21 Double-Bit Axe
19:54 Castle Age
18:24 Stone Mining
20:39 Wheelbarrow
21:37 Bow Saw
22:13 Heavy Plow
23:14 Stone Shaft Mining
25:43 Fortified Wall
26:13 Gold Mining
27:01 Masonry
31:57 Imperial Age
30:00 Scale Barding Armor
30:05 Forging
30:30 Husbandry
30:40 Bloodlines
30:23 Light Cavalry
31:28 Chain Barding Armor
32:10 Hand Cart
33:21 Iron Casting
33:40 Crop Rotation
34:12 Winged Hussar
35:27 Lechitic Legacy
36:26 Blast Furnace
涅槃重生
0:29 Loom
10:30 Feudal Age
11:00 Man-at-Arms
11:28 Arson
19:38 Castle Age
19:12 Double-Bit Axe
19:09 Horse Collar
23:41 Bow Saw
31:40 Gold Mining
31:41 Stone Mining
31:55 Heavy Plow
32:38 Wheelbarrow
34:51 Imperial Age
32:10 Town Watch
32:56 Scale Mail Armor
33:07 Forging
32:47 Gambesons
33:02 Squires
33:55 Chain Mail Armor
34:20 Hand Cart
35:16 Iron Casting
35:04 Gothikon
37:21 Plate Mail Armor
37:52 Blast Furnace
yu_k1
6:21 Loom
10:58 Feudal Age
15:10 Castle Age
14:24 Double-Bit Axe
14:32 Gold Mining
17:51 Bow Saw
20:43 Town Watch
22:25 Wheelbarrow
25:08 Stone Mining
26:37 Stone Shaft Mining
25:50 Horse Collar
29:53 Imperial Age
28:41 Hand Cart
28:30 Fletching
29:44 Bodkin Arrow
29:55 Scale Barding Armor
30:40 Bracer
31:17 Conscription
31:17 Heavy Plow
32:02 Chain Barding Armor
31:16 Elite Steppe Lancer
32:51 Bloodlines
33:58 Husbandry
34:09 Onager
35:39 Drill
Sergio
10:42 Feudal Age
14:32 Castle Age
14:21 Double-Bit Axe
21:25 Wheelbarrow
23:43 Bow Saw
24:21 Gold Mining
24:22 Stone Mining
26:52 Gold Shaft Mining
28:34 Forging
28:30 Scale Barding Armor
31:41 Imperial Age
30:01 Stone Shaft Mining
30:26 Iron Casting
29:33 Horse Collar
30:37 Bloodlines
30:28 Husbandry
30:57 Chain Barding Armor
30:50 Loom
31:20 Cavalier
32:21 Conscription
33:03 Blast Furnace
32:41 Hand Cart
33:24 Plate Barding Armor
32:37 Town Watch
32:56 Heavy Plow
35:09 Savar
帅气的孔
1:06 Loom
11:13 Feudal Age
14:07 Castle Age
20:53 Double-Bit Axe
21:26 Bloodlines
28:46 Horse Collar
29:50 Wheelbarrow
30:11 Fletching
30:56 Hand Cart
34:11 Imperial Age
32:19 Husbandry
33:33 Light Cavalry
34:18 Gold Mining
35:20 Town Watch
yclin124
0:46 Loom
11:46 Feudal Age
12:18 Double-Bit Axe
15:08 Horse Collar
15:22 Gold Mining
21:43 Castle Age
20:27 Stone Mining
25:59 Imperial Age
24:20 Horse Collar
25:15 Bow Saw
25:38 Heavy Plow
27:03 Wheelbarrow
Connection lost

Rejoining the realm…

Still unreachable

The connection could not be restored.

Session expired

The server has moved on; the page needs a fresh start.